AoeStats
← Lex

Migration

505655292Analyzed
1v1 RM · 22d ago on Sep 10, 2026· 43m 37s· 2 players
Game mode
Random Map
Map size
132×132
Population
200
Speed
Normal
Resources
Standard
Victory
Conquest
Starting age
Dark Age
Ending age
Imperial Age
RankedLock teamsTeams togetherTeam positionsShared explorationLock speedFull tech treeHidden civsTurbo modeCheats
Victory
Defeat
🇮🇹 Portuguese · Italy
581
+16
🇫🇷 Maya · France
575
-16
Lex
0:41 Loom
8:55 Feudal Age
9:26 Double-Bit Axe
10:46 Horse Collar
12:31 Fishing Lines
19:58 Castle Age
18:04 Stone Mining
18:31 Gold Mining
19:53 Scale Mail Armor
19:42 Arson
21:02 Bow Saw
20:56 Heavy Plow
20:43 Town Watch
21:50 Forging
22:11 Squires
26:48 Murder Holes
26:58 Fletching
31:24 Imperial Age
29:24 Masonry
31:23 Chain Mail Armor
31:38 Eagle Warrior
34:21 Iron Casting
36:24 Bodkin Arrow
39:52 Chemistry
Giampy12
0:35 Loom
14:19 Feudal Age
19:15 Castle Age
18:40 Double-Bit Axe
20:27 Pikeman
31:08 Bow Saw
36:14 Imperial Age
39:27 Sappers
42:44 Chemistry
42:05 Ballistics
41:35 Heated Shot
41:53 Siphons
Connection lost

Rejoining the realm…

Still unreachable

The connection could not be restored.

Session expired

The server has moved on; the page needs a fresh start.